 Dungeon Crawl Stone Soup version 0.26-a0-542-gbaa144ba5c (webtiles) character file.

Game seed: 14875707860873214086

560527 MrRokkomies the Gelid (level 24, -6/164 HPs)
             Began as a Demigod Ice Elementalist on Aug 16, 2020.
             Killed by divine providence
             ... invoked by a daeva
              (16 damage)
             ... on level 3 of the Abyss on Aug 17, 2020.
             The game lasted 04:17:27 (95840 turns).

MrRokkomies the Gelid (Demigod Ice Elementalist)   Turns: 95840, Time: 04:17:28

Health: -6/164     AC: 31    Str: 22 (25) XL:     24   Next: 60%
Magic:  28/44      EV: 16    Int: 28      God:
Gold:   3541       SH:  5    Dex: 16      Spells: 11/46 levels left

rFire    + + .     SeeInvis .   a - +7 executioner's axe (freeze)
rCold    + + .     Faith    .   (shield currently unavailable)
rNeg     + + .     Spirit   .   f - +6 storm dragon scales
rPois    +         Reflect  +   e - +0 helmet of Parts Unknown {rN++}
rElec    +         Harm     .   k - scarf {rC+ rF+}
rCorr    +                      X - +2 pair of gloves "Risayck" {rC+ rCorr}
MR       ++++.                  O - +2 pair of boots {Fly}
Stlth    ..........             g - amulet of reflection
HPRegen  0.37/turn              P - ring of Mosm {rPois rF+ Str+4}
MPRegen  0.29/turn              Q - ring of the Mage {Wiz MR++ Int+3}

@: about to teleport, glowing
A: [blurry vision 3], [deterioration 1], [frail 2], high mp 1, strong 1, [weak
1], [no potion heal 2], [subdued magic 2]
}: 2/15 runes: decaying, serpentine
a: Evoke Flight


You were on level 3 of the Abyss.
You visited 9 branches of the dungeon, and saw 46 of its levels.
You visited the Abyss 1 time.
You visited 1 bazaar.
You also visited: Gauntlet, Ice Cave and Desolation.

You collected 8687 gold pieces.
You spent 5146 gold pieces at shops.

Inventory:

Hand Weapons
 a - a +7 executioner's axe of freezing (weapon)
 M - the +7 great mace "Undeadhunter" {disrupt, rN+}
   (You found it on level 3 of the Crypt)

   It protects you from negative energy.
Missiles
 B - a throwing net (quivered)
Armour
 e - the +0 helmet of Parts Unknown (worn) {rN++}
   (You bought it in a shop on level 1 of the Snake Pit)

   It greatly protects you from negative energy.
 f - +6 storm dragon scales (worn)
 k - a scarf of resistance (worn)
 O - a +2 pair of boots of flying (worn)
 X - the +2 pair of gloves "Risayck" (worn) {rC+ rCorr}
   (You acquired it on level 10 of the Dungeon)

   It protects you from cold.
   It provides partial protection from all sources of acid and corrosion.
Magical Staves
 b - an uncursed staff of cold
Jewellery
 g - an amulet of reflection (around neck)
 r - the amulet "Tenoc" {+Inv MR+++ Regen+ Str-5 Int-2}
   (You found it in the Desolation of Salt)

   [amulet of regeneration]

   It affects your strength (-5).
   It affects your intelligence (-2).
   It affects your resistance to hostile enchantments.
   It lets you turn invisible.
   It increases your rate of regeneration.
 t - an uncursed ring of see invisible
 P - the ring of Mosm (left hand) {rPois rF+ Str+4}
   (You found it in the Desolation of Salt)

   [ring of poison resistance]

   It affects your strength (+4).
   It protects you from fire.
   It protects you from poison.
 Q - the ring of the Mage (right hand) {Wiz MR++ Int+3}
   (You found it in a Gauntlet)

   [ring of wizardry]

   It improves your spell success rate.
   It affects your intelligence (+3).
   It affects your resistance to hostile enchantments.
 W - an uncursed ring of protection from cold
Wands
 q - a wand of flame (70)
 y - a wand of paralysis (32)
 z - a wand of digging (6)
 E - a wand of polymorph (37)
 F - a wand of acid (7)
 G - a wand of disintegration (35)
 J - a wand of iceblast (8)
Scrolls
 d - 8 scrolls of immolation
 j - 24 scrolls of remove curse
 l - 4 scrolls of fear
 o - 13 scrolls of teleportation
 u - 3 scrolls of fog
 w - a scroll of torment
 A - 2 scrolls of magic mapping
 K - 2 scrolls of holy word
 N - a scroll of summoning
 Z - 14 scrolls of identify
Potions
 c - 8 potions of lignification
 h - a potion of ambrosia
 i - 10 potions of stabbing
 m - 3 potions of cancellation
 n - 6 potions of might
 p - 7 potions of brilliance
 s - 20 potions of curing
 v - a potion of magic
 C - 6 potions of mutation
 H - a potion of haste
 V - 2 potions of resistance
 Y - 2 potions of invisibility
Miscellaneous
 x - a phantom mirror
 D - a lightning rod (4/4)
 I - a condenser vane (2/2)
 R - a box of beasts (3/3)
 T - a phial of floods
 U - a tin of tremorstones (2/3)


   Skills:
 - Level 15.0 Fighting
 + Level 19.5 Axes
 + Level 14.5 Armour
 - Level 12.4 Dodging
 - Level 1.7 Stealth
 * Level 11.7 Spellcasting
 - Level 4.0 Conjurations
   Level 4.0 Summonings
 - Level 15.0 Necromancy
 - Level 4.0 Translocations
 * Level 20.6 Ice Magic
 - Level 5.0 Earth Magic
 - Level 10.0 Evocations


You had 11 spell levels left.
You knew the following spells:

 Your Spells              Type           Power        Failure   Level
a - Ozocubu's Refrigerat  Ice            ######....   1%          6
b - Frozen Ramparts       Ice            ######       0%          3
c - Ozocubu's Armour      Ice            ######..     0%          3
d - Blink                 Tloc           N/A          1%          2
e - Hailstorm             Conj/Ice       ######..     1%          4
f - Simulacrum            Ice/Necr       ######....   1%          6
g - Death Channel         Necr           ######....   1%          6
h - Borgnjor's Vile Clut  Necr/Erth      #####.....   1%          5

Your spell library contained the following spells:

 Spells                   Type           Power        Failure   Level
 Freeze                   Ice            ####         0%          1
 Magic Dart               Conj           ###.         1%          1
 Sandblast                Erth           ####..       1%          1
 Corpse Rot               Necr/Air       N/A          1%          2
 Ensorcelled Hibernation  Hex/Ice        #####.       1%          2
 Stone Arrow              Conj/Erth      ####..       1%          3
 Animate Dead             Necr           ######....   1%          4
 Ice Form                 Ice/Tmut       #####...     1%          4
 Summon Ice Beast         Ice/Summ       ######..     1%          4
 Metabolic Englaciation   Hex/Ice        #####.....   1%          5
 Gell's Gravitas          Tloc           ###.......   2%          3
 Lesser Beckoning         Tloc           ###.......   2%          3
 Teleport Other           Tloc           ###.....     2%          3
 Corona                   Hex            ##.....      4%          1
 Sting                    Tmut/Pois      ##..         4%          1
 Conjure Flame            Conj/Fire      ###.....     6%          3
 Dazzling Flash           Conj/Hex       ###...       6%          3
 Portal Projectile        Hex/Tloc       ###...       6%          3
 Static Discharge         Conj/Air       ###.....     6%          3
 Poisonous Vapours        Pois/Air       ##....       7%          2
 Slow                     Hex            ##......     7%          2
 Mephitic Cloud           Conj/Pois/Air  ##......     9%          3
 Passage of Golubria      Tloc           N/A          9%          4
 Confusing Touch          Hex            ##......     14%         3
 Inner Flame              Hex/Fire       ##......     14%         3
 Tukima's Dance           Hex            ##......     14%         3
 Leda's Liquefaction      Hex/Erth       ###.......   17%         4
 Lee's Rapid Deconstruct  Erth           ####......   17%         5
 Summon Lightning Spire   Summ/Air       ###.....     21%         4
 Iskenderun's Battlesphe  Conj           ###.....     26%         5
 Summon Demon             Summ           ###.......   26%         5
 Summon Forest            Summ/Tloc      ###.......   26%         5
 Freezing Cloud           Conj/Ice/Air   #####.....   26%         6
 Bolt of Magma            Conj/Fire/Erth ###.......   38%         5
 Cause Fear               Hex            ##........   45%         4
 Fireball                 Conj/Fire      ###.......   52%         5
 Borgnjor's Revivificati  Necr           ######....   56%         8
 Infestation              Necr           ######....   56%         8
 Haunt                    Necr/Summ      #####.....   63%         7
 Absolute Zero            Ice            ######....   71%         9
 Iron Shot                Conj/Erth      ####......   75%         6
 Silence                  Hex/Air        ##........   80%         5
 Statue Form              Tmut/Erth      ###......    95%         6
 Conjure Ball Lightning   Conj/Air       ###.......   97%         6
 Starburst                Conj/Fire      ###.......   97%         6
 Eringya's Noxious Bog    Tmut/Pois      ##........   100%        6
 Hydra Form               Tmut           ##........   100%        6
 Dragon Form              Tmut           ##........   100%        7
 Orb of Destruction       Conj           ###.......   100%        7
 Spellforged Servitor     Conj/Summ      ###.......   100%        7
 Summon Hydra             Summ           ###.......   100%        7
 Chain Lightning          Conj/Air       ###.......   100%        8
 Lehudib's Crystal Spear  Conj/Erth      ####......   100%        8
 Necromutation            Tmut/Necr      #####.....   100%        8
 Death's Door             Necr           ######....   100%        9
 Dragon's Call            Summ           ###.......   100%        9
 Fire Storm               Conj/Fire      ###.......   100%        9
 Shatter                  Erth           ####......   100%        9
 Tornado                  Air            ##........   100%        9


Dungeon Overview and Level Annotations

Branches:
Dungeon (15/15)            Temple (0/1) D:6            Lair (6/6) D:9
  Swamp (4/4) Lair:3        Snake (4/4) Lair:4        Slime (0/5) Lair:6
    Orc (2/2) D:12            Elf (3/3) Orc:2        Vaults (4/5) D:13
  Crypt (3/3) Vaults:2       Tomb (0/3) Crypt:3      Depths (5/5) D:15
    Zot (0/5) Depths:5      IceCv (visited)         Desolation (visited)
Gauntlet (visited)

Shops:
D:4 [   D:5 :   D:12 =   D:14 (   D:15 *   Orc:1 }   Orc:2 =(*[*   Snake:1 }[[
Snake:2 }==   Snake:3 *   Vaults:2 !   Depths:2 *

Portals:
Hell: Depths:1 Depths:2 Depths:3 Depths:5
Pandemonium: Depths:3
Ziggurat: Depths:1

Annotations:
D:9 3 runed translucent doors, Gebura's ghost, novice OpBe; rasy's ghost, journeyman MiFi
D:14 exclusion: obsidian statue
Lair:3 2 runed translucent doors, Uvul's ghost, journeyman OgWz
Lair:5 exclusion: oklob plant
Depths:4 exclusion: obsidian statue


Innate Abilities, Weirdness & Mutations

You have an increased reservoir of magic. (+10% MP)
Your muscles are strong. (Str +2)
[Scrolls take you much longer to read.]
[Your body sometimes deteriorates upon taking damage.]
[You are very frail. (-20% HP)]
[You are weak. (Str -2)]
[Potions are poor at restoring your health.]
[Your spells are easier to cast, but less powerful.]


Message History

Press: ? - help, Shift-Dir - straight line, f/p - daeva
Aim: a daeva, wielding a +3 long sword of holy wrath and wearing a +1 tower shield of protection (haloed, chance to defeat MR: 0%)
Okay, then.
Unknown command.
Unknown command.
Your system partially rejects the healing.
You feel better.
The daeva calls down the wrath of the Shining One upon you.
The Shining One smites you!
* * * LOW HITPOINT WARNING * * *
Your system partially rejects the healing.
You feel better.
The daeva calls down the wrath of the Shining One upon you.
The Shining One smites you!
* * * LOW HITPOINT WARNING * * *
Your system partially rejects the healing.
You feel better.
The daeva calls down the wrath of the Shining One upon you.
The Shining One smites you!
You die...

# #.# # #. #
. .#.§ . . #
.. . ..
###### ..
#...#....# #
_.#
.###.....###
#.
..).##)#@.#
.
...#....#A§#
. .. .
.(#......# .
#A..##..####
.. # ..#.
.#.# .# #
#.# #####..#
. .. ## # .
. #. . . ##


You could see a daeva.

Vanquished Creatures
  An ancient lich (Crypt:3)
  Mennas (Vaults:3)
  Boris (thrice) (Vaults:2 Vaults:3 Depths:3)
  Frederick (Depths:5)
  Saint Roka (Vaults:3)
  Vashnia (Snake:2)
  2 bone dragons
  A pearl dragon (Depths:1)
  Nikola (Swamp:1)
  3 liches
  A titan (Depths:2)
  Rupert (Snake:1)
  An Ice Fiend (IceCv)
  A quicksilver dragon (shapeshifter) (Depths:4)
  3 deep elf blademasters
  A quicksilver dragon (Depths:2)
  Asterion (Snake:1)
  3 deep elf master archers (Elf:3)
  A tentacled starspawn (Abyss:3)
  Frances (Snake:1)
  2 ancient champions (Crypt:1)
  3 storm dragons
  2 thorn hunters (Swamp:1)
  Donald (Elf:2)
  3 shadow dragons
  A tengu reaver (Vaults:4)
  9 nagarajas
  7 deep elf sorcerers
  An orc warlord (Orc:2)
  3 imperial myrmidons (Desolation)
  15 vault wardens
  7 frost giants
  7 fire giants
  Aizul (Snake:2)
  A draconian shifter (Depths:5)
  A balrug (Depths:3)
  15 ironheart preservers
  6 deep elf elementalists
  A spriggan defender (Depths:1)
  2 curse skulls
  12 stone giants
  23 very ugly things
  3 ghouls
  5 war gargoyles
  A stone giant (shapeshifter) (Depths:4)
  An entropy weaver (Vaults:4)
  5 vampire knights
  3 green draconians (Depths:5)
  A draconian annihilator (Depths:5)
  An apis (Depths:1)
  8 deep elf annihilators
  3 deep elf demonologists
  A minotaur (Gauntlet)
  A minotaur (shapeshifter) (Depths:4)
  Azrael (Orc:2)
  2 spark wasps
  2 white draconians (Depths:5)
  4 ettins
  2 halazid warlocks (Desolation)
  10 crystal guardians
  6 deep elf death magi
  Snorg (Lair:6)
  10 fire dragons
  8 yaktaur captains
  7 ragged hierophants (Desolation)
  10 jiangshi
  10 great orbs of eyes
  4 rakshasas
  2 hydras (shapeshifter) (Depths:4)
  14 ogre magi
  8 deep elf high priests (Elf:3)
  9 servants of whispers
  15 hydras
  9 peacekeepers (Desolation)
  18 naga warriors
  9 ice dragons
  16 vault guards
  4 shambling mangroves
  6 centaur warriors
  A hell beast (Depths:2)
  41 two-headed ogres
  3 spriggan air magi
  8 alligators
  4 death knights
  2 catoblepae (Lair:6)
  A catoblepas (shapeshifter) (Depths:4)
  33 dancing weapons
  14 death yaks
  3 ghost crabs (Swamp:4)
  14 anacondas
  2 death scarabs (Gauntlet)
  A two-headed ogre (shapeshifter) (Vaults:1)
  16 naga sharpshooters
  11 deep troll earth magi
  5 tengu warriors
  3 deep troll shamans
  A spriggan berserker (Depths:3)
  7 vampire magi
  8 orc high priests (Orc:2)
  A sun demon (Depths:2)
  2 soul eaters
  15 shock serpents
  A shock serpent (shapeshifter) (D:15)
  6 hell knights (Crypt:3)
  19 deep elf knights
  2 salamander mystics
  A fire crab (shapeshifter) (Elf:2)
  An iron troll (shapeshifter) (Depths:4)
  4 wretched stars
  3 iron trolls (Depths:5)
  3 shadow wraiths
  31 skeletal warriors
  4 unseen horrors
  An unseen horror (shapeshifter) (Depths:2)
  A golden dragon zombie (Crypt:3)
  A spark wasp zombie (Depths:3)
  6 glowing orange brains
  11 naga ritualists
  A spriggan druid (Swamp:4)
  5 flayed ghosts
  16 deep elf archers
  10 ironbrand convokers
  18 deep trolls
  10 swamp dragons
  A swamp dragon (shapeshifter) (Vaults:4)
  7 harpies (Vaults:1)
  A wizard (Vaults:3)
  A sphinx zombie (Crypt:1)
  5 phantasmal warriors (Crypt:2)
  3 oklob plants (Elf:1)
  17 orc knights
  10 necromancers
  8 mana vipers
  29 ugly things
  2 frost giant zombies
  66 deep elf magi
  A fire giant zombie (Crypt:3)
  5 cyclopes
  A tengu skeleton (Vaults:2)
  A sphinx skeleton (Vaults:2)
  4 manticores
  12 salamanders
  5 wolf spiders
  4 orc sorcerers
  A fire giant skeleton (Vaults:2)
  2 stone giant skeletons
  16 elephants
  16 vault sentinels
  A guardian serpent (shapeshifter) (D:14)
  An ice statue (IceCv)
  20 naga magi
  2 frost giant skeletons (Vaults:2)
  6 molten gargoyles
  3 smoke demons (Abyss:2)
  51 black mambas
  14 guardian serpents
  4 gargoyles
  3 centaur skeletons
  10 komodo dragons
  18 cane toads
  A rime drake (shapeshifter) (Vaults:2)
  A kobold demonologist (D:12)
  57 yaktaurs
  11 freezing wraiths
  Maggie (Lair:2)
  A hellwing (Abyss:2)
  A rime drake (Lair:4)
  An anaconda simulacrum (IceCv)
  10 ice devils
  A komodo dragon (shapeshifter) (D:15)
  2 starcursed masses (Abyss:2)
  A death yak skeleton (Crypt:2)
  An efreet (Abyss:2)
  A red devil (Depths:3)
  4 tengu conjurers
  A merfolk (shapeshifter) (Depths:4)
  An ancient zyme (Abyss:2)
  8 tyrant leeches
  A demonic crawler (Abyss:2)
  3 meliai (D:14)
  18 hornets
  A meliai (shapeshifter) (D:15)
  6 trolls
  A hornet (shapeshifter) (Depths:2)
  2 wolf spider simulacra (IceCv)
  A hippogriff (shapeshifter) (Depths:3)
  A polar bear (shapeshifter) (Vaults:4)
  A spriggan zombie (Depths:3)
  63 saltlings
  15 bog bodies
  A raiju (shapeshifter) (D:15)
  2 wind drakes (Depths:4)
  42 slime creatures
  Grinder (D:5)
  26 blink frogs
  8 hippogriffs
  A slime creature (shapeshifter) (Depths:4)
  A fire dragon zombie (Crypt:3)
  36 flying skulls
  A spectral black mamba (Gauntlet)
  A vampire (D:11)
  A black mamba zombie (Crypt:3)
  7 centaur simulacra
  4 ettin skeletons
  A spriggan (shapeshifter) (Elf:1)
  9 spriggans
  6 air elementals
  5 fire elementals
  A fire dragon skeleton (Crypt:3)
  A redback (shapeshifter) (Depths:4)
  A redback (Vaults:4)
  A tarantella (Vaults:4)
  A tarantella (shapeshifter) (Vaults:4)
  A fire bat (shapeshifter) (Depths:4)
  An ice dragon skeleton (Crypt:3)
  8 wraiths
  A ynoxinul (Abyss:2)
  6 shadows
  40 yaks
  3 wyverns
  2 dire elephant simulacra (IceCv)
  A yak (shapeshifter) (Vaults:1)
  4 basilisks
  A human (shapeshifter) (D:15)
  13 water elementals
  2 hogs (shapeshifter)
  A basilisk (shapeshifter) (D:15)
  A chaos spawn (Abyss:3)
  6 golden eyes (Abyss:3)
  12 vampire mosquitoes
  59 nagas
  A warg (shapeshifter) (Vaults:3)
  4 harpy simulacra (IceCv)
  A spectral cane toad (Gauntlet)
  Menkaure (D:6)
  13 wargs
  2 acid dragons (D:15)
  5 insubstantial wisps (Depths:4)
  A two-headed ogre zombie (Crypt:2)
  13 swamp worms
  2 large abominations (Abyss:2)
  A soldier ant (shapeshifter) (Vaults:2)
  A cane toad zombie (Crypt:3)
  4 iron troll simulacra (IceCv)
  17 water moccasins
  7 hell hounds (Orc:2)
  11 porcupines
  2 hydra simulacra (IceCv)
  6 ice beasts
  A hornet zombie (D:12)
  59 orc warriors
  2 sky beasts (D:9)
  A faun skeleton (Crypt:2)
  2 eyes of draining (Abyss:2)
  12 swamp drakes
  3 ettin simulacra
  A snapping turtle zombie (Crypt:3)
  An elf zombie (Vaults:4)
  7 necrophages
  13 boggarts
  35 ogres
  4 wolves (Lair:6)
  A snapping turtle skeleton (Crypt:3)
  A dream sheep skeleton (Crypt:1)
  11 crocodiles
  22 centaurs
  A big kobold (D:11)
  A human zombie (Vaults:3)
  A wyvern zombie (D:14)
  8 earth elementals
  A deep troll simulacrum (Vaults:2)
  6 human skeletons
  19 bullfrogs
  A human simulacrum (Vaults:3)
  A salamander skeleton (Crypt:1)
  2 water moccasin skeletons
  A scorpion (D:5)
  A spriggan skeleton (Crypt:1)
  A swamp dragon simulacrum (IceCv)
  15 wights
  A troll skeleton (Crypt:2)
  2 electric eels (Lair:2)
  3 howler monkeys
  A bullfrog zombie (Crypt:1)
  3 centaur zombies
  10 hounds
  A wyvern simulacrum (Gauntlet)
  2 draconian simulacra (IceCv)
  26 orc priests
  3 jellies
  Crazy Yiuf (D:2)
  26 orc wizards
  An iguana (D:13)
  Jessica (D:3)
  A bullfrog skeleton (D:9)
  12 worker ants
  A basilisk skeleton (Crypt:1)
  2 hell rats (D:9)
  A troll simulacrum (IceCv)
  3 wolf simulacra (IceCv)
  A nameless horror (Gauntlet)
  2 bullfrog simulacra (Gauntlet)
  A hound zombie (D:5)
  A hound skeleton (D:9)
  2 worker ant zombies
  12 gnolls
  20 adders
  4 naga simulacra (IceCv)
  2 ogre simulacra (IceCv)
  4 shadow imps
  5 white imps
  8 ufetubi
  2 adder zombies
  2 adder skeletons
  An iguana skeleton (Crypt:1)
  2 worms
  2 dart slugs (D:2)
  7 leopard geckos
  105 orcs
  3 ball pythons
  9 giant cockroaches
  11 goblins
  6 hobgoblins
  8 jackals
  7 quokkas
  12 bats
  5 frilled lizards (D:1)
  10 kobolds
  A kobold skeleton (Crypt:2)
  9 rats
  15 briar patches (Swamp:1)
  2 crawling corpses (Elf:3)
  12 fungi
  22 plants
2354 creatures vanquished.

Vanquished Creatures (collateral kills)
  2 juggernauts
  Sojobo (Depths:5)
  the Lernaean hydra (Swamp:4)
  2 tengu reavers (Depths:5)
  A draconian monk (Depths:5)
  Roxanne (Snake:1)
  A frost giant (Depths:5)
  An iron dragon (Depths:5)
  A stone giant (Depths:2)
  An ophan (Depths:1)
  A vampire knight (Depths:5)
  A yellow draconian (Depths:5)
  Josephine (Lair:6)
  3 hydras
  A catoblepas (Lair:6)
  2 two-headed ogres
  5 death yaks
  A deep troll shaman (Depths:5)
  A shock serpent (Snake:1)
  An iron troll (Depths:2)
  2 deep trolls (Depths:5)
  A manticore (D:12)
  2 cane toads
  A tyrant leech (Lair:3)
  2 saltlings (Desolation)
  5 blink frogs
  2 slime creatures (D:12)
  A dream sheep (shapeshifter) (D:12)
  A hippogriff (Lair:3)
  3 wraiths (Lair:5)
  11 yaks
  A basilisk (Lair:3)
  A swamp worm (Lair:3)
  A wolf (Lair:6)
63 creatures vanquished.

Vanquished Creatures (others)
  A war gargoyle (Depths:4)
  A crystal guardian (Depths:4)
  A naga ritualist (Snake:2)
  A deep elf mage (Elf:2)
  An ugly thing (Depths:4)
  A cane toad (Swamp:4)
  An air elemental (Depths:4)
  A flying skull (Depths:2)
  A yak (Lair:6)
  A swamp worm (Swamp:1)
  A small abomination (Abyss:2)
  A sky beast (D:15)
  An earth elemental (Depths:4)
  10 ball lightnings (Depths:4)
  2 orcs (Orc:2)
  28 fungi
  A lurking horror (Abyss:3)
  32 plants
  4 starspawn tentacles (Abyss:3)
  5 withered plants
95 creatures vanquished.

Grand Total: 2512 creatures vanquished

Notes
Turn   | Place    | Note
-------+----------+-------------------------------------------
     0 | D:1      | MrRokkomies the Demigod Ice Elementalist began the quest
                  | for the Orb.
     0 | D:1      | Reached XP level 1. HP: 14/14 MP: 5/5
   283 | D:1      | Reached XP level 2. HP: 22/22 MP: 7/7
   874 | D:2      | Reached skill level 4 in Ice Magic
   874 | D:2      | Reached XP level 3. HP: 20/27 MP: 8/8
   876 | D:2      | Reached skill level 1 in Fighting
   890 | D:2      | Learned a level 3 spell: Frozen Ramparts
  1028 | D:2      | Found a snail-covered altar of Cheibriados.
  1203 | D:2      | Found a burning altar of Makhleb.
  1210 | D:2      | Noticed an Executioner
  1213 | D:2      | Noticed a smoke demon
  1213 | D:2      | Noticed an orange demon
  1503 | D:2      | Reached XP level 4. HP: 31/35 MP: 8/10
  1559 | D:2      | Found a runed translucent door.
  1560 | D:2      | Noticed Crazy Yiuf
  1570 | D:2      | Killed Crazy Yiuf
  2120 | D:3      | Noticed Jessica
  2136 | D:3      | Killed Jessica
  2136 | D:3      | Reached XP level 5. HP: 25/40 MP: 4/11
  3411 | D:4      | Noticed a water moccasin
  3416 | D:4      | Killed a water moccasin
  3416 | D:4      | Reached skill level 5 in Ice Magic
  3416 | D:4      | Reached XP level 6. HP: 48/48 MP: 6/13
  3905 | D:4      | Found Vosu's Armour Shoppe.
  4005 | D:4      | Bought a +3 leather armour of poison resistance for 210
                  | gold pieces
  4371 | D:5      | Entered Level 5 of the Dungeon
  4414 | D:5      | Reached XP level 7. HP: 52/56 MP: 9/14
  4489 | D:5      | Noticed a yak
  4489 | D:5      | Noticed a yak
  4489 | D:5      | Noticed a yak
  4491 | D:5      | Noticed a yak
  4492 | D:5      | Noticed a yak
  4499 | D:5      | Killed a yak
  4506 | D:5      | Killed a yak
  4506 | D:5      | Reached skill level 5 in Dodging
  4506 | D:5      | Reached skill level 6 in Ice Magic
  4506 | D:5      | Killed a yak
  4507 | D:5      | Killed a yak
  4507 | D:5      | Reached XP level 8. HP: 44/63 MP: 10/16
  4526 | D:5      | Learned a level 3 spell: Ozocubu's Armour
  4531 | D:5      | Learned a level 4 spell: Summon Ice Beast
  5076 | D:5      | Found Niral's Book Shoppe.
  5128 | D:5      | Noticed Grinder
  5148 | D:6      | Reached skill level 7 in Ice Magic
  5233 | D:6      | Noticed Menkaure
  5248 | D:6      | Killed Menkaure
  5859 | D:6      | Found a staircase to the Ecumenical Temple.
  6159 | D:6      | Reached XP level 9. HP: 72/72 MP: 13/19
  7332 | D:7      | Found a bloodstained altar of Trog.
  7332 | D:7      | Found a shimmering blue altar of Sif Muna.
  7337 | D:7      | Found a white marble altar of Elyvilon.
  7339 | D:7      | Found an opulent altar of Gozag.
  7340 | D:7      | Found an ancient bone altar of Kikubaaqudgha.
  7614 | D:7      | Reached skill level 8 in Ice Magic
  7628 | D:7      | Got a steaming chain mail
  7637 | D:7      | Learned a level 4 spell: Hailstorm
  8014 | D:8      | Reached skill level 5 in Spellcasting
  8016 | D:8      | Reached skill level 5 in Fighting
  8374 | D:8      | Noticed a two-headed ogre
  8382 | D:8      | Killed a two-headed ogre
  8382 | D:8      | Reached skill level 1 in Summonings
  8925 | D:9      | Reached XP level 10. HP: 75/81 MP: 21/21
  8985 | D:9      | Reached skill level 9 in Ice Magic
  9039 | D:9      | Identified the +7 chain mail "Vomufoatt" {Harm} (You found
                  | it on level 7 of the Dungeon)
  9063 | D:9      | Noticed a death yak
  9066 | D:9      | Noticed a death yak
  9066 | D:9      | Noticed a death yak
  9089 | D:9      | Killed a death yak
  9119 | D:9      | Killed a death yak
  9421 | D:9      | Found a staircase to the Lair.
  9459 | D:9      | Noticed a two-headed ogre
  9468 | D:9      | Killed a two-headed ogre
  9530 | D:9      | Killed a death yak
 10145 | D:9      | Found a runed translucent gate.
 10145 | D:9      | Found a runed translucent gate.
 10145 | D:9      | Found a runed translucent gate.
 10150 | D:9      | Noticed rasy's ghost (journeyman MiFi)
 10151 | D:9      | Noticed Gebura's ghost (novice OpBe)
 10616 | D:5      | Paralysed by Grinder for 4 turns
 10620 | D:5      | Killed Grinder
 10923 | Lair:1   | Entered Level 1 of the Lair of Beasts
 11001 | Lair:1   | Reached skill level 10 in Ice Magic
 11313 | Lair:1   | Reached XP level 11. HP: 70/91 MP: 16/22
 12715 | Lair:2   | Noticed a five-headed hydra
 12728 | Lair:2   | Killed a five-headed hydra
 12728 | Lair:2   | Reached skill level 10 in Dodging
 13441 | Lair:2   | Reached skill level 11 in Ice Magic
 13682 | Lair:2   | Noticed Maggie
 13692 | Lair:2   | Killed Maggie
 14503 | Lair:3   | Noticed a death yak
 14504 | Lair:3   | Noticed a death yak
 14508 | Lair:3   | Noticed a death yak
 14510 | Lair:3   | Noticed a death yak
 14515 | Lair:3   | Killed a death yak
 14515 | Lair:3   | Reached skill level 1 in Conjurations
 15076 | Lair:3   | Killed a death yak
 15077 | Lair:3   | Killed a death yak
 15414 | Lair:3   | Reached XP level 12. HP: 95/101 MP: 4/23
 16020 | Lair:3   | Found a large runed translucent door.
 16020 | Lair:3   | Found a large runed translucent door.
 16024 | Lair:3   | Noticed Uvul's ghost (journeyman OgWz)
 16635 | Lair:3   | Reached skill level 12 in Ice Magic
 16685 | Lair:3   | Noticed a seven-headed hydra
 16697 | Lair:3   | Noticed a four-headed hydra
 16703 | Lair:3   | Killed a seven-headed hydra
 16707 | Lair:3   | Killed a four-headed hydra
 16989 | Lair:3   | Found a staircase to the Swamp.
 17177 | Lair:4   | Reached skill level 1 in Axes
 17400 | Lair:4   | Noticed a six-headed hydra
 17410 | Lair:4   | Reached skill level 1 in Evocations
 17414 | Lair:4   | Killed a six-headed hydra
 18207 | Lair:4   | Found a staircase to the Snake Pit.
 18354 | Lair:4   | Noticed a five-headed hydra
 18360 | Lair:4   | Killed a five-headed hydra
 19238 | Lair:5   | Reached skill level 10 in Fighting
 19244 | Lair:5   | Reached XP level 13. HP: 48/113 MP: 0/24
 20574 | Lair:6   | Entered Level 6 of the Lair of Beasts
 20741 | Lair:5   | Reached skill level 5 in Axes
 21184 | Lair:6   | Found a staircase to the Slime Pits.
 21685 | Lair:5   | Reached skill level 5 in Evocations
 22178 | Lair:6   | Found a viscous altar of Jiyva.
 22212 | Lair:6   | Noticed Snorg
 22224 | Lair:6   | Killed Snorg
 22389 | Lair:6   | Noticed Josephine
 22946 | Lair:6   | Killed Josephine
 24722 | Lair:6   | Reached XP level 14. HP: 92/121 MP: 15/25
 25053 | D:10     | Entered Level 10 of the Dungeon
 25212 | D:10     | Got a dazzling scale mail
 25235 | D:10     | Identified the +1 scale mail of Husej {rF+ Regen+} (You
                  | found it on level 10 of the Dungeon)
 25354 | D:10     | Found a basalt altar of Yredelemnul.
 25409 | D:10     | Identified a scroll of acquirement
 25409 | D:10     | Acquired the +2 pair of gloves "Risayck" {rC+ rCorr}
 25904 | D:11     | Found a gate leading to a gauntlet.
 25913 | Gauntlet | Entered a Gauntlet
 25913 | Gauntlet | Found a transporter.
 25913 | Gauntlet | Found a transporter.
 25928 | Gauntlet | Found a transporter.
 25928 | Gauntlet | Found a transporter.
 25936 | Gauntlet | Found a transporter.
 25939 | Gauntlet | Found a transporter.
 25951 | Gauntlet | Found a transporter.
 25958 | Gauntlet | Found the ring of the Mage {Wiz MR++ Int+3}
 25967 | Gauntlet | Found a transporter.
 25985 | Gauntlet | Found a transporter.
 25989 | Gauntlet | Found a transporter.
 25999 | Gauntlet | Found a transporter.
 26001 | Gauntlet | Found a transporter.
 26239 | Gauntlet | Got a fading cloak
 26326 | D:11     | Identified the +0 cloak of the Grue {rCorr Int+10 Dex+5
                  | Slay-4} (You found it in a Gauntlet)
 27528 | D:12     | Found a staircase to the Orcish Mines.
 27543 | D:12     | Reached skill level 1 in Armour
 27640 | D:12     | Found Bacveusch's Jewellery Boutique.
 28575 | Orc:1    | Entered Level 1 of the Orcish Mines
 28589 | Orc:1    | Found Wyucw's Gadget Shop.
 28674 | Orc:1    | Bought a phantom mirror for 300 gold pieces
 28674 | Orc:1    | Bought a condenser vane (2/2) for 200 gold pieces
 28674 | Orc:1    | Bought a lightning rod (4/4) for 400 gold pieces
 28901 | Orc:1    | Found a roughly hewn altar of Beogh.
 29298 | Orc:2    | Entered Level 2 of the Orcish Mines
 29298 | Orc:2    | Found Ofageo's General Store.
 29298 | Orc:2    | Found Cial's Assorted Antiques.
 29298 | Orc:2    | Noticed an orc warlord
 29314 | Orc:2    | Killed an orc warlord
 29589 | Orc:2    | Found Meithoup's Antique Armour Shop.
 29626 | Orc:2    | Found Milanor's Jewellery Boutique.
 29753 | Orc:2    | Noticed Azrael
 29762 | Orc:2    | Killed Azrael
 30424 | Orc:2    | Found Relullyu's Antique Weapon Shoppe.
 30458 | Orc:2    | Found a staircase to the Elven Halls.
 30658 | Orc:2    | Bought a creamy pearl robe for 153 gold pieces
 30671 | Orc:2    | Identified the +1 robe of Asurur {rF+} (You bought it in a
                  | shop on level 2 of the Orcish Mines)
 30696 | Orc:2    | Bought an uncursed ring of see invisible for 195 gold
                  | pieces
 30971 | D:13     | Reached skill level 5 in Armour
 31124 | D:13     | You are sucked into a shaft and drop 2 floors!
 31124 | D:15     | Entered Level 15 of the Dungeon
 31311 | D:15     | Reached skill level 10 in Axes
 31335 | D:15     | Reached XP level 15. HP: 67/128 MP: 12/26
 31506 | D:15     | Reached XP level 16. HP: 136/136 MP: 27/27
 31603 | D:15     | Acquired a +4 executioner's axe of freezing
 31747 | D:15     | Found a blossoming altar of Fedhas.
 32100 | D:15     | Found a glowing silver altar of Zin.
 32402 | D:15     | Found Rygh's Serpentskin Sales.
 32699 | D:15     | Found a staircase to the Depths.
 32848 | D:14     | Found a shattered altar of Ashenzari.
 32858 | D:14     | Found Qigg's Antique Weapon Shoppe.
 33755 | D:13     | You are sucked into a shaft and drop 1 floor!
 33821 | D:13     | Found a gate to the Vaults.
 34691 | D:12     | Upgraded the game from 0.26-a0-541-g3b3d21e777 to
                  | 0.26-a0-542-gbaa144ba5c
 34912 | Snake:1  | Entered Level 1 of the Snake Pit
 34912 | Snake:1  | Noticed Frances
 34928 | Snake:1  | Killed Frances
 34976 | Snake:1  | Noticed Rupert
 35005 | Snake:1  | Killed Rupert
 35028 | Snake:1  | Identified Roxanne's Volume of Transmutation
 35028 | Snake:1  | Noticed Roxanne
 35065 | Snake:1  | Found Gesifunt's Gadget Shop.
 35071 | Snake:1  | Found a frozen archway.
 35077 | IceCv    | Entered an ice cave
 36416 | IceCv    | Noticed an Ice Fiend
 36420 | IceCv    | Killed an Ice Fiend
 36517 | IceCv    | Got a pair of jewelled gloves
 36528 | IceCv    | Identified the cursed -1 pair of gloves "Zug Nipuan" {rElec
                  | Int+7} (You found it in an ice cave)
 36533 | IceCv    | Got a fine golden ring
 36535 | IceCv    | Identified the ring of Zuox {rElec rC+} (You found it in an
                  | ice cave)
 36606 | Snake:1  | Learned a level 6 spell: Simulacrum
 36611 | Snake:1  | Learned a level 4 spell: Animate Dead
 36795 | Snake:1  | Found Elaf's Armour Emporium.
 36803 | Snake:1  | Bought the cursed +0 helmet of Parts Unknown {rN++} for 304
                  | gold pieces
 36819 | Snake:1  | Noticed Asterion
 36834 | Snake:1  | Killed Asterion
 36834 | Snake:1  | Reached skill level 1 in Necromancy
 37063 | Snake:1  | Reached skill level 10 in Evocations
 37168 | Snake:1  | Found Iryghanigo's Armour Shoppe.
 37871 | Snake:1  | Killed Roxanne
 37881 | Snake:1  | Acquired a book of Ice
 38376 | Snake:2  | Noticed Vashnia
 38980 | Snake:2  | Killed Vashnia
 38980 | Snake:2  | Reached XP level 17. HP: 75/146 MP: 23/29
 39506 | Snake:2  | Found a radiant altar of Vehumet.
 39743 | Snake:2  | Found Omapto's Gadget Emporium.
 39743 | Snake:2  | Found Gezxa's Jewellery Boutique.
 39744 | Snake:2  | Found Pehol's Jewellery Boutique.
 40248 | Snake:2  | Noticed Aizul
 40263 | Snake:2  | Killed Aizul
 40775 | Snake:3  | Reached skill level 5 in Necromancy
 41147 | Snake:3  | Identified the +4 quarterstaff of a bazaar {elec, rElec}
 42951 | Snake:3  | Found Ohooxzyt's General Store.
 43224 | Swamp:1  | Entered Level 1 of the Swamp
 43242 | Swamp:1  | Learned a level 6 spell: Ozocubu's Refrigeration
 43378 | Swamp:1  | Noticed Nikola
 43396 | Swamp:1  | Killed Nikola
 44208 | Swamp:1  | Found a glowing silver altar of Zin.
 47006 | Swamp:4  | Entered Level 4 of the Swamp
 47232 | Swamp:4  | Reached XP level 18. HP: 141/156 MP: 16/35
 48484 | Swamp:4  | Noticed the 27-headed Lernaean hydra
 48485 | Swamp:4  | Killed the 27-headed Lernaean hydra
 48516 | Swamp:4  | Got a decaying rune of Zot
 49368 | Snake:4  | Entered Level 4 of the Snake Pit
 49862 | Snake:4  | Learned a level 5 spell: Borgnjor's Vile Clutch
 50226 | Snake:4  | Reached skill level 10 in Spellcasting
 50573 | Snake:4  | Reached skill level 10 in Necromancy
 50819 | Snake:4  | Reached skill level 1 in Earth Magic
 50838 | Snake:4  | HP: 7/157 [nagaraja/+0 club (2)]
 52432 | Snake:4  | Got a serpentine rune of Zot
 53074 | Elf:1    | Entered Level 1 of the Elven Halls
 53631 | Elf:1    | Reached XP level 19. HP: 162/165 MP: 38/38
 53648 | Elf:1    | Found a ruined gateway.
 53666 | Desolati | Entered the Desolation of Salt
 54084 | Desolati | Got a heavily runed brass ring
 54085 | Desolati | Identified the ring of Mosm {rPois rF+ Str+4} (You found it
                  | in the Desolation of Salt)
 54093 | Desolati | Identified the Almanac of the Cobbler
 54334 | Desolati | Identified the Almanac of Companions
 54383 | Desolati | Reached skill level 5 in Earth Magic
 54665 | Desolati | Reached skill level 13 in Ice Magic
 54879 | Desolati | Identified the ring of the Ancients {*Drain rC+++ rN+
                  | Slay+3}
 55212 | Desolati | Identified the Grimoire of Floating Attacks
 55230 | Desolati | Identified the cursed -4 pair of boots "Rapsib" {*Slow
                  | rElec rN+} (You found it in the Desolation of Salt)
 55258 | Desolati | Identified Laxuy's Compendium of Earthen Toxins
 55261 | Desolati | Got shimmering storm dragon scales
 55272 | Desolati | Identified the cursed +1 storm dragon scales of Forking
                  | Paths {rElec rN+ Str+4} (You found it in the Desolation of
                  | Salt)
 56503 | Desolati | Identified the cursed ring of the Salmon {rC++ EV-4 Stlth-}
                  | (You found it in the Desolation of Salt)
 56505 | Desolati | Identified the amulet of Hukhlenink {Inacc rElec rN+} (You
                  | found it in the Desolation of Salt)
 56507 | Desolati | Identified the amulet "Tenoc" {+Inv MR+++ Regen+ Str-5
                  | Int-2} (You found it in the Desolation of Salt)
 56639 | Elf:1    | Reached skill level 15 in Axes
 57410 | Elf:2    | HP: 6/167 [+5 glaive of venom (19)]
 58309 | Elf:2    | Reached skill level 14 in Ice Magic
 58438 | Elf:2    | Noticed Donald
 58449 | Elf:2    | Killed Donald
 59259 | Elf:2    | Found a runed translucent gate.
 59259 | Elf:2    | Found a runed translucent gate.
 59270 | Elf:2    | Found a runed translucent gate.
 60641 | Elf:2    | Reached XP level 20. HP: 160/174 MP: 33/39
 60752 | Elf:3    | Entered Level 3 of the Elven Halls
 62120 | Elf:3    | Identified the +1 robe of Jocsuang {+Blink rC+ Str-2}
 62136 | Elf:3    | Reached skill level 15 in Ice Magic
 62417 | Elf:3    | Identified the +5 scale mail "Obuxivorha" {Rampage rC-
                  | Int+9 Dex-5}
 62643 | Elf:3    | Identified the amulet "Doaleum" {rElec Regen+}
 62754 | Elf:3    | Identified Sif Muna's Volume of Combat Magic and Fire
 62771 | Elf:3    | Got a bloodstained cloak
 62782 | Elf:3    | Identified the cursed +0 cloak of Tempters {Dex+3} (You
                  | found it on level 3 of the Elven Halls)
 62814 | Elf:3    | Got a spiked cloak
 62825 | Elf:3    | Identified the +0 cloak "Zofoo" {rF+ rN+ Stlth-} (You found
                  | it on level 3 of the Elven Halls)
 63941 | Vaults:1 | Entered Level 1 of the Vaults
 64355 | Vaults:1 | Acquired 920 gold pieces
 65474 | Vaults:1 | Reached skill level 15 in Fighting
 66017 | Vaults:1 | Reached skill level 16 in Ice Magic
 66298 | Vaults:1 | Reached XP level 21. HP: 176/184 MP: 21/40
 67710 | Vaults:2 | Found Naquryri's Distillery.
 68429 | Vaults:2 | Noticed Boris
 68447 | Vaults:2 | Killed Boris
 69884 | Vaults:2 | Found a staircase to the Crypt.
 70056 | Vaults:3 | Reached skill level 10 in Armour
 70056 | Vaults:3 | Reached skill level 17 in Ice Magic
 70158 | Vaults:3 | Noticed Boris
 70175 | Vaults:3 | Killed Boris
 70251 | Vaults:3 | Noticed Saint Roka
 70273 | Vaults:3 | Killed Saint Roka
 71379 | Vaults:3 | Noticed Mennas
 71404 | Vaults:3 | Killed Mennas
 72410 | Vaults:3 | Learned a level 6 spell: Death Channel
 72988 | Vaults:4 | Paralysed by a hornet for 3 turns
 73037 | Vaults:4 | Reached XP level 22. HP: 167/192 MP: 22/41
 74249 | Vaults:4 | Reached skill level 18 in Ice Magic
 76449 | D:5      | Bought a manual of Necromancy for 1435 gold pieces
 76449 | D:5      | Bought a book of Spatial Translocations for 845 gold pieces
 76452 | D:5      | Learned a level 2 spell: Blink
 76708 | Crypt:1  | Entered Level 1 of the Crypt
 77139 | Crypt:1  | Reached skill level 1 in Translocations
 78474 | Crypt:1  | HP: 6/192 [jiangshi[a curse skull] (4)]
 80372 | Crypt:3  | Entered Level 3 of the Crypt
 81330 | Crypt:3  | Found the +7 great mace "Undeadhunter" {disrupt, rN+}
 81340 | Crypt:3  | Identified the +0 robe of the Eagle {-Tele rF+++ rN+ Int+2}
                  | (You found it on level 3 of the Crypt)
 82290 | Crypt:3  | Found an ancient bone altar of Kikubaaqudgha.
 82290 | Crypt:3  | Noticed an ancient lich
 82303 | Crypt:3  | Killed an ancient lich
 82303 | Crypt:3  | Reached XP level 23. HP: 147/199 MP: 42/42
 82713 | Crypt:3  | Reached skill level 19 in Ice Magic
 82787 | Crypt:3  | Found a staircase to the Tomb.
 83720 | Depths:1 | Entered Level 1 of the Depths
 84216 | Depths:1 | Found a gateway to a ziggurat.
 84620 | Depths:1 | Found a gateway to Hell.
 84734 | Depths:1 | Found a glowing silver altar of Zin.
 84734 | Depths:1 | Found a white marble altar of Elyvilon.
 84734 | Depths:1 | Found a glowing golden altar of the Shining One.
 84951 | Depths:1 | You are sucked into a shaft and drop 1 floor!
 84952 | Depths:2 | Noticed a juggernaut
 86209 | Depths:2 | HP: 5/199 [titan (38)]
 86668 | Depths:2 | Killed a juggernaut
 87107 | Depths:2 | Found Qaeguo's Demolitions Depot.
 88747 | Depths:3 | Acquired 450 gold pieces
 88754 | Depths:3 | Found a flickering gateway to a bazaar.
 88775 | Bazaar   | Entered a bazaar
 88775 | Bazaar   | Found Emeus's General Store.
 88786 | Bazaar   | Found Wuosh's Jewellery Emporium.
 88791 | Bazaar   | Found Roerah's Distillery.
 88800 | Bazaar   | Found Caphem's Jewellery Shop.
 88830 | Bazaar   | Found Pilubet's Book Shoppe.
 88838 | Bazaar   | Bought a Necronomicon for 1104 gold pieces
 89214 | Depths:3 | Noticed Boris
 89235 | Depths:3 | Killed Boris
 89602 | Depths:3 | Found a one-way gate leading to the halls of Pandemonium.
 91295 | Depths:4 | Reached skill level 20 in Ice Magic
 91309 | Depths:4 | Reached XP level 24. HP: 184/206 MP: 29/43
 91365 | Depths:4 | You are sucked into a shaft and drop 1 floor!
 91365 | Depths:5 | Entered Level 5 of the Depths
 91371 | Depths:5 | Got a shimmering battleaxe
 91372 | Depths:5 | Identified the cursed +1 battleaxe of Hiloerph {venom, +Inv
                  | rElec rC- Int+5} (You found it on level 5 of the Depths)
 91435 | Depths:5 | Noticed a juggernaut
 91452 | Depths:5 | Killed a juggernaut
 91554 | Depths:5 | Noticed Sojobo
 91563 | Depths:5 | Killed Sojobo
 91999 | Depths:5 | Reached skill level 15 in Necromancy
 92460 | Depths:5 | Found a gate to the Realm of Zot.
 92846 | Depths:5 | Noticed Frederick
 92855 | Depths:5 | Killed Frederick
 94504 | Depths:4 | You fall into a shaft and drop 1 floor!
 95121 | Depths:4 | Cast into level 2 of the Abyss (+0 halberd of distortion)
 95577 | Abyss:2  | Gained mutation: You have sharp toenails. [potion of
                  | mutation]
 95577 | Abyss:2  | Lost mutation: You have sharp toenails. [potion of
                  | mutation]
 95577 | Abyss:2  | Gained mutation: Your muscles are strong. (Str +2) [potion
                  | of mutation]
 95669 | Abyss:3  | Found a corrupted altar of Lugonu.
 95669 | Abyss:3  | Found a corrupted altar of Lugonu.
 95725 | Abyss:3  | Found a corrupted altar of Lugonu.
 95839 | Abyss:3  | HP: 7/164 [daeva/divine providence (14)]
 95840 | Abyss:3  | Killed from afar by a daeva

Illustrated notes

Levels and vault maps discovered:
D:1:      minmay_arrival_hallway, layout_loops_ring, patterned_corridor
D:2:      layout_loops_ring, kennysheep_slug_shrine, makhleb_altar_promises_db,
          uniq_crazy_yiuf_cottage
D:3:      layout_basic, minmay_cut_off, uniq_jessica
D:4:      layout_loops_ring, serial_shops, shop
D:5:      layout_loops_ring, serial_shops, shop, uniq_grinder
D:6:      layout_loops_corners, minmay_temple_entry_junction, uniq_menkaure
D:7:      layout_cave_pods, chequers_temple_overflow_minitemple
D:8:      layout_rooms, chequers_serial_rivers_marsh
D:9:      layout_loops_cross, dpeg_lair_monsters, gammafunk_ghost_cemetery,
          hangedman_decor_push
D:10:     layout_loops_ring, basic_altar
D:11:     layout_basic, gauntlet_entry_generic
D:12:     layout_gridville, david_orc_2, serial_shops, nicolae_shop_crystal
D:13:     layout_gridville, lightli_vaults_fourway_checkpoint
D:14:     layout_roguey, basic_altar, serial_shops, nicolae_shop_crystal,
          palyth_stone_intersect, minivault_16
D:15:     gammafunk_enter_depths_forms, layout_basic, basic_altar,
          fedhas_altar_2, grunt_ministairs_1, guppyfry_shop_venom
Lair:1:   layout_misc_corridors, grunt_megastairs_1
Lair:2:   layout_regular_city, fungi_pond_lemuel, serial_bayou_shore_a,
          uniq_maggie
Lair:3:   layout_gridlike, palyth_hydra_swamp_entry,
          ebering_ghost_disaster_area, grunt_megastairs_5
Lair:4:   layout_layer_cave, minmay_snake_entry_six_corridors, st_stairs_6,
          grunt_megastairs_2
Lair:5:   layout_big_grid, dpeg_oklob_1
Lair:6:   evilmike_catoblepas_cave, layout_misc_corridors, slime_altar_1,
          lemuel_fruit_tree, uniq_snorg, uniq_josephine
Swamp:1:  layout_basic_swamp, nicolae_swamp_very_dense_foliage,
          lemuel_altar_in_water, uniq_nikola
Swamp:2:  layout_basic_swamp, evilmike_swamp_ruin_house_3
Swamp:3:  layout_basic_swamp, evilmike_swamp_ruin_house_6
Swamp:4:  grunt_swamp_rune_castle, layout_basic_swamp
Snake:1:  layout_grid_maze, portal_ice_cave_entry_pillars_1, serial_shops, shop,
          shop, shop, drop_trap, st_stairs_5, uniq_rupert, uniq_frances,
          uniq_roxanne, uniq_asterion
Snake:2:  layout_grid_shapes, basic_altar, minmay_shop_grove,
          grunt_megastairs_3, uniq_aizul, uniq_vashnia
Snake:3:  nicolae_snakescales, layout_cave_pods, serial_shops, shop
Snake:4:  johnstein_snake_rune_scales, layout_basic
Orc:1:    layout_caves, basic_altar, serial_shops, shop_fountains
Orc:2:    grunt_orc_gardens, layout_caves, grunt_orc_garden, grunt_orc_garden,
          grunt_orc_garden, grunt_orc_garden, serial_shops,
          nicolae_shop_overgrown_old_shop, uniq_azrael
Elf:1:    dpeg_oklob_gauntlet, layout_geoelf_diagonals,
          portal_desolation_entry_salt, minivault_28, minmay_misc_feat_cross,
          minmay_misc_feat_columns, minivault_24
Elf:2:    layout_onion_city, mu_enter_wizlab_1, nicolae_elf_v_pinch, uniq_donald
Elf:3:    minmay_elf_hall_not_hex, layout_geoelf_castle
Vaults:1: nicolae_vaults_twisting_passages, vaults_dpeg_encased_lava, v_misc_19,
          hangedman_vaults_snaps, v_misc_19, nicolae_vaults_little_squares_6,
          nicolae_vaults_three_branches, layout_vaults_quadrants
Vaults:2: hangedman_vaults_capsules, ontoclasm_vaults_hangar,
          nicolae_vaults_network_square, nicolae_vaults_big_angled_halls,
          hangedman_vaults_restitches, ontoclasm_vaults_gateway,
          minmay_crypt_entry_skeletal_spiral, v_misc_28, vaults_room_door_hall,
          vaults_room_grunt_arrival_checkpoint, layout_vaults_chaotic_city,
          serial_shops, nicolae_shop_waterfront, uniq_margery, uniq_boris
Vaults:3: nicolae_vaults_yaktaur_gun_rack, v_rooms_1, grunt_vaults_hallway_long,
          nicolae_vaults_circle_grid_a, nicolae_vaults_border_crossing,
          vaults_room_stairs_pillars, nicolae_vaults_ring_of_whatevers,
          ontoclasm_vaults_eye, v_pattern_1, grunt_vaults_swirl,
          layout_vaults_omnicross, uniq_saint_roka, uniq_mennas
Vaults:4: vaults_room_large_hall, nicolae_vaults_fighting_squares,
          vaults_room_ringed_pool, nicolae_vaults_ninety_degrees,
          hangedman_vaults_maws, ontoclasm_vaults_pinch,
          ontoclasm_vaults_ring_small, nicolae_vaults_specimen_jars,
          v_alt_pattern_1, v_misc_5, vaults_room_corners,
          nicolae_vaults_network_s, dpeg_vaults_monster_box,
          layout_vaults_omnibox
Crypt:1:  layout_gridlike, ebering_dispersal_statue_hall
Crypt:2:  layout_gridlike
Crypt:3:  cryptofortress_bobbens
Depths:1: layout_cross, enter_ziggurat_a, hell_entry, grunt_ministairs_7,
          nicolae_sextant, hangedman_abyss_or_decor_clamps,
          hangedman_decor_riveting, hallowed_hall
Depths:2: evilmike_pillar_path, layout_gridlike, serial_bayou_pond_c,
          grunt_mini_vestibule, kennysheep_nub, minivault_11,
          nicolae_blasting_shop, feat_on_display
Depths:3: minmay_the_grid_plus [minmay_the_grid_all_tris,
          minmay_the_grid_garden, minmay_the_grid_broken_lines,
          minmay_the_grid_spikes, minmay_the_grid_prize_big_room],
          layout_gridville, rand_demon_pan_entry_4, serial_shops,
          bzr_entry_gold, pf_hell_entry_great_geh,
          serial_sigils_hangedman_scratch
Depths:4: radiant_caverns_b_rkd, abyss_entry, hell_entry
Depths:5: grunt_zot_entry_funnels, layout_cave_pools, minmay_stone_trees_small,
          hell_entry, uniq_sojobo, uniq_frederick
Abyss:3:  base:
D:7

Skill      XL: |  1  2  3  4  5  6  7  8  9 10 11 12 13 14 15 16 17 18 19 20 21 22 23 24 |
---------------+-------------------------------------------------------------------------+-----
Dodging        | 2 3 4 5 6 8 9 10 11 12 | 12.4
Spellcasting   | 2 3 4 5 8 10 11 | 11.7
Ice Magic      | 4 5 6 7 8 10 11 12 14 16 17 18 20 | 20.6
Fighting       | 1 2 3 4 5 6 8 10 11 12 13 14 15 | 15.0
Summonings     | 1 3 4 |  4.0
Conjurations   | 2 4 |  4.0
Axes           | 3 7 10 11 12 13 14 15 17 18 19 | 19.5
Evocations     | 2 7 8 10 | 10.0
Armour         | 5 8 11 13 14 | 14.5
Necromancy     | 3 8 10 11 14 15 | 15.0
Earth Magic    | 4 5 |  5.0
Translocations | 4 |  4.0
Stealth        | |  1.7

Action                   |  1- 3 |  4- 6 |  7- 9 | 10-12 | 13-15 | 16-18 | 19-21 | 22-24 || total
-------------------------+-------+-------+-------+-------+-------+-------+-------+-------++-------
Melee: Short sword       |    84 |   149 |   304 |   534 |   255 |       |       |       ||  1326
       Dagger            |    14 |       |       |       |       |       |       |       ||    14
       Battleaxe         |       |       |     8 |       |   490 |   336 |       |   340 ||  1174
       Staff             |       |       |       |       |     1 |       |     8 |       ||     9
       War axe           |       |       |       |       |       |   217 |       |       ||   217
       Executioner's axe |       |       |       |       |       |   869 |  1050 |  1062 ||  2981
       Great mace        |       |       |       |       |       |       |       |   137 ||   137
 Fire: Hunting sling     |    18 |       |     3 |     7 |       |       |       |       ||    28
Throw: Dart              |       |     7 |     8 |    14 |    11 |     3 |       |       ||    43
       Throwing net      |       |       |       |       |       |     5 |       |     1 ||     6
 Cast: Frozen Ramparts   |     1 |     7 |    19 |    55 |    62 |    65 |    13 |     7 ||   229
       Freeze            |       |     3 |     1 |    17 |     6 |     4 |       |       ||    31
       Ozocubu's Armour  |       |       |     5 |    16 |    27 |    25 |     6 |     4 ||    83
       Summon Ice Beast  |       |       |     1 |    33 |    53 |    17 |       |       ||   104
       Hailstorm         |       |       |       |    14 |    32 |    17 |       |     1 ||    64
       Ozocubu's Refrige |       |       |       |       |       |   155 |   266 |   143 ||   564
       Simulacrum        |       |       |       |       |       |     3 |     3 |     6 ||    12
       Animate Dead      |       |       |       |       |       |     3 |       |       ||     3
       Borgnjor's Vile C |       |       |       |       |       |       |    14 |     5 ||    19
       Death Channel     |       |       |       |       |       |       |       |     2 ||     2
 Abil: Stop Flying       |       |       |       |       |     1 |       |       |     3 ||     4
       Evoke Flight      |       |       |       |       |     1 |       |       |     2 ||     3
Evoke: Wand              |       |       |     4 |     7 |     6 |    22 |     4 |     1 ||    44
       Condenser vane    |       |       |       |       |     1 |     4 |       |     1 ||     6
       Phial of floods   |       |       |       |       |     1 |       |     1 |       ||     2
       Tin of tremorston |       |       |       |       |       |     4 |       |     6 ||    10
       Phantom mirror    |       |       |       |       |       |     4 |     1 |     2 ||     7
       Box of beasts     |       |       |       |       |       |     3 |     2 |     1 ||     6
       Lightning rod     |       |       |       |       |       |     6 |       |       ||     6
  Use: Scroll            |     2 |     8 |    11 |     6 |    11 |    14 |    12 |    26 ||    90
       Potion            |       |     1 |     1 |     3 |     7 |     5 |     3 |    19 ||    39
 Stab: Sleeping          |     4 |     5 |     2 |     5 |     2 |       |       |       ||    18
       Paralysed         |       |       |     4 |       |       |       |       |       ||     4
       Distracted        |       |       |       |       |     4 |       |       |     3 ||     7
       Petrified         |       |       |       |       |     3 |       |       |       ||     3
       Held in net/web   |       |       |       |       |       |     1 |       |       ||     1
Armor: Robe              |    19 |    12 |       |       |       |       |       |       ||    31
       Leather armour    |       |     2 |    82 |   110 |    62 |       |       |       ||   256
       Scale mail        |       |       |       |       |   197 |   597 |    77 |       ||   871
       Skin              |       |       |       |       |    27 |       |       |       ||    27
       Storm dragon scal |       |       |       |       |       |       |   460 |   913 ||  1373
Dodge: Dodged            |    82 |    93 |   228 |   516 |   686 |  1336 |   692 |  1052 ||  4685
Block: Other             |     9 |    31 |    72 |   152 |   217 |   403 |   215 |   328 ||  1427
       Reflection        |       |       |     2 |     2 |     6 |    27 |    15 |    15 ||    67

Table legend: (Time is in decaauts)
 A = Elapsed time spent in this place.
 B = Non-inter-level travel time spent in this place.
 C = Inter-level travel time spent in this place.
 D = Time resting spent in this place.
 E = Time spent auto-exploring this place.
 F = Levels seen in this place.
 G = Mean time per level.
                   A        B        C        D        E       F      G
               +--------+--------+--------+--------+--------+-----+--------+
         Total |  96543 |  91923 |   4620 |  22933 |  53320 |  52 | 1856.6 |
       Dungeon |  19043 |  17333 |   1710 |   1890 |  12110 |  15 | 1269.5 |
          Lair |  14593 |  13884 |    709 |   4996 |   7039 |   6 | 2432.2 |
         Swamp |   6038 |   5818 |    220 |   1190 |   3714 |   4 | 1509.5 |
     Snake Pit |  10403 |  10065 |    338 |   3745 |   4350 |   4 | 2600.8 |
  Orcish Mines |   2368 |   2099 |    269 |    386 |   1123 |   2 | 1184.0 |
   Elven Halls |   8102 |   7695 |    407 |   2455 |   4122 |   3 | 2700.7 |
        Vaults |  12540 |  11818 |    722 |   1374 |   8584 |   4 | 3135.0 |
         Crypt |   6422 |   6287 |    135 |   1595 |   3829 |   3 | 2140.7 |
        Depths |  11344 |  11237 |    107 |   3055 |   6551 |   5 | 2268.8 |
         Abyss |    736 |    736 |      0 |    260 |    262 |   2 |  368.0 |
        Bazaar |     70 |     70 |      0 |      0 |     63 |   1 |   70.0 |
      Ice Cave |   1492 |   1492 |      0 |    758 |    310 |   1 | 1492.0 |
    Desolation |   2980 |   2980 |      0 |   1194 |   1119 |   1 | 2980.0 |
      Gauntlet |    406 |    406 |      0 |     33 |    143 |   1 |  406.0 |
               +--------+--------+--------+--------+--------+-----+--------+

Top non-repeatable levels by time:
Vaults:4: 3389 daAuts
  Lair:5: 3372 daAuts
Vaults:2: 3304 daAuts
Depths:2: 3233 daAuts
   Elf:3: 3199 daAuts
Vaults:1: 3193 daAuts
   Elf:2: 3173 daAuts
 Crypt:3: 3167 daAuts
 Snake:3: 3000 daAuts
Desolation: 2980 daAuts
 Snake:4: 2848 daAuts
  Lair:3: 2719 daAuts
Vaults:3: 2652 daAuts
Depths:5: 2595 daAuts
  Lair:6: 2418 daAuts
